[Event "*** Titled Tuesday 3|2 Blitz"]
[Site "Chess.com"]
[Date "2016.10.04"]
[Round "6"]
[White "AllStarShark"]
[Black "chessking2151"]
[Result "1/2-1/2"]
[WhiteElo "2278"]
[BlackElo "2339"]
[TimeControl "180+2"]
[EndTime "18:19:36 PDT"]
[Termination "Game drawn - insufficient material"]

1. d4 Nf6 2. Bg5 d5 3. Bxf6 exf6 4.
e3 c6 5. Ne2 Be7 6. g3 O-O 7.
Bg2 Nd7 8. O-O f5 9. b3 Nf6 10.
c4 Be6 11. Nd2 Ne4 12. Qc2 g6 13. Nf4 Bf6 14. cxd5 cxd5 15. Nxe4 fxe4 16. f3 Rc8 17. Qd2 exf3 18. Bxf3 Bg7 19. Rac1 Qd7 20. Rxc8 Rxc8 21. Rc1 Rc6 22. Rc3 h5 23. Qc2 Bf5 24. Qc1 Be4 25.
Bxe4 dxe4 26. Rxc6 bxc6 27. Qc2 Qe8 28. Qc5 Qd7 29.
b4 Bf8 30. Qc4 Kh7 31. a4 h4 32. b5 cxb5 33. axb5 Bh6 34. Qc6 Qg4 35. Qb7 Kg8 36.
Qxe4 hxg3 37. Qe8+ Kg7 38. Qe5+ Kh7 39. hxg3 Qxg3+ 40.
Ng2 Qxe5 41. dxe5 Bg7 42. e6 fxe6 43. Nf4 Bh6 44. Nxe6 Bxe3+ 45. Kg2 Kg8 46. Kf3 Bb6 47.
Kg4 Kf7 48. Nf4 Kf6 49. Nd5+ Ke5 50. Nb4 Kd4 51. Kg5 Kc5 52. Nc6 Kxb5 53. Nxa7+ Bxa7 54. Kxg6 1/2-1/2

[Event "*** Titled Tuesday 3|2 Blitz"]
[Site "Chess.com"]
[Date "2016.10.04"]
[Round "6"]
[White "platy3"]
[Black "GGuseinov"]
[Result "1-0"]
[WhiteElo "2753"]
[BlackElo "2614"]
[TimeControl "180+2"]
[EndTime "18:19:39 PDT"]
[Termination "platy3 won on time"]

1. e4 c5 2. Nf3 g6 3. d4 cxd4 4.
Nxd4 Bg7 5. c4 Nc6 6. Be3 Nf6 7. Nc3 O-O 8. Be2 d6 9. O-O Bd7 10. Qd2 Nxd4 11. Bxd4 Bc6 12. f3 Nd7 13. Bf2 a5 14. b3 Nc5 15. Rab1 Be5 16. Bd1 f5 17. exf5 Rxf5 18.
Nd5 e6 19. Ne3 Qg5 20. h4 Qh6 21. Qe1 Rh5 22. Ng4 Qf4 23. Nxe5 Rxe5 24. Qc3 Rf8 25. Rb2 b5 26. Rd2 Rh5 27. Qd4 Qxd4 28. Rxd4 Nb7 29. Re1 e5 30. Rd2 bxc4 31. bxc4 Rhf5 32. Bc2 R5f6 33.
c5 Nxc5 34. Bxc5 dxc5 35. Rxe5 c4 36. Rxa5 Be8 37. Rc5 Bf7 38. a4 Rf4 39. a5 Rxh4 40. a6 Ra8 41. Rd6 Rh5 42. Rxh5 gxh5 43. Be4 Ra7 44.
Kf2 h4 45. Ke3 Kg7 46. Kd4 Bg6 47. Kxc4 Bxe4 48. fxe4 Rc7+ 49. Kb5 1-0

[Event "*** Titled Tuesday 3|2 Blitz"]
[Site "Chess.com"]
[Date "2016.10.04"]
[Round "6"]
[White "cheese111"]
[Black "gmjoey1"]
[Result "0-1"]
[WhiteElo "2290"]
[BlackElo "2485"]
[TimeControl "180+2"]
[EndTime "18:19:43 PDT"]
[Termination "gmjoey1 won by checkmate"]

1. e4 c6 2. Nc3 d5 3. Nf3 dxe4 4.
Nxe4 Nf6 5. Nxf6+ exf6 6. d4 Bd6 7. Be2 O-O 8. O-O Re8 9. Be3 Nd7 10. Re1 Nf8 11.
c3 Bc7 12. Qd2 Ng6 13. g3 Bh3 14. Bf1 Bxf1 15. Kxf1 Qd5 16. Qd1 h5 17. Kg1 h4 18.
Nd2 Qb5 19. b3 Qd3 20. Qf3 Qxc3 21. Ne4 Qa5 22. Nc5 b6 23. Nd3 Qd5 24. Qxd5 cxd5 25. Nb4 Rad8 26. Rac1 Bd6 27. Nxd5 Ba3 28. Nc7 Bxc1 29.
Nxe8 Bxe3 30. Rxe3 Rxd4 31. Nc7 h3 32. Kf1 Rd2 33. Re2 Rd1+ 34. Re1 Rxe1+ 35. Kxe1 Ne5 36. Ke2 Ng4 37. f3 Nxh2 38. Kf2 f5 39. Nd5 g5 40. Ne7+ Kh7 41. Nxf5 g4 42. fxg4 Nxg4+ 43. Kg1 Kg6 44. Nd4 Kf6 45. Nc6 Kf5 46. Nxa7 Ke4 47. Nc6 Kf3 48. Nd4+ Kxg3 49. Ne2+ Kf3 50. Nd4+ Ke4 51.
Nb5 f5 52. a4 f4 53. b4 f3 54.
Nc3+ Kf4 55. Nd1 h2+ 56. Kh1 Kg3 57. a5 bxa5 58. bxa5 f2 59. Ne3 Nxe3 60. a6 Ng4 61. a7 Ne3 62. a8=Q f1=Q# 0-1

[Event "*** Titled Tuesday 3|2 Blitz"]
[Site "Chess.com"]
[Date "2016.10.04"]
[Round "6"]
[White "GianmarcoVaR"]
[Black "BillieKimbah"]
[Result "0-1"]
[WhiteElo "2384"]
[BlackElo "2527"]
[TimeControl "180+2"]
[EndTime "18:19:52 PDT"]
[Termination "BillieKimbah won by resignation"]

1. d4 Nf6 2. Nf3 g6 3. c4 Bg7 4. g3 O-O 5. Bg2 d6 6. O-O Nbd7 7. Nc3 e5 8. h3 Re8 9. e4 exd4 10. Nxd4 Nc5 11.
Re1 Bd7 12. b4 Ne6 13. Nde2 a5 14. bxa5 Rxa5 15. Bd2 Nc5 16. Nd5 Ra8 17. Bg5 Ncxe4 18. Bxe4 Rxe4 19. Nec3 Rxe1+ 20. Qxe1 h6 21. Nxf6+ Bxf6 22. Bxf6 Qxf6 23. Nd5 Qg7 24. Nxc7 Rc8 25. Nd5 Re8 26.
Qc1 Bxh3 27. Rb1 Bg4 28. Qf4 Bf5 29. Rxb7 Qa1+ 30. Kh2 Re1 31. Qf3 Kg7 32. g4 Qe5+ 33. Kg2 Be6 34. Ne3 Ra1 35. Ra7 h5 36. gxh5 Qg5+ 37. Qg3 Qxh5 38. Qh2 Qc5 39. Re7 Qg5+ 40. Qg3 Qxe7 41. Kf3 Qf6+ 42. Ke2 Rxa2+ 43. Kf1 Qe5 44.
Qf3 Ra1+ 45. Kg2 Qg5+ 46. Qg3 Qxg3+ 47. fxg3 Rc1 48. Kf3 Bxc4 49. Kf4 Be6 50. g4 d5 51. g5 d4 52. Ng4 Bxg4 0-1

[Event "*** Titled Tuesday 3|2 Blitz"]
[Site "Chess.com"]
[Date "2016.10.04"]
[Round "6"]
[White "talaicito"]
[Black "Shivagami"]
[Result "0-1"]
[WhiteElo "1981"]
[BlackElo "1925"]
[TimeControl "180+2"]
[EndTime "18:20:04 PDT"]
[Termination "Shivagami won by resignation"]

1. e4 Nc6 2. Nc3 d6 3. d4 Nf6 4. g3 e5 5. dxe5 Nxe5 6. Bg2 Bg4 7. f3 Be6 8. Nge2 Be7 9. O-O h5 10. f4 Neg4 11. h3 Nh6 12. e5 dxe5 13. fxe5 Nd7 14. Nf4 Nxe5 15. Bxb7 Qxd1 16. Rxd1 Rb8 17. Nxe6 fxe6 18.
Bg2 O-O 19. Bf4 Nc4 20. b3 Nd6 21. Bxh6 gxh6 22. Ne2 Nf5 23. Be4 Bc5+ 24. Kh2 Ne3 25. Nf4 Nxd1 26. Rxd1 h4 27. Nxe6 hxg3+ 28. Kxg3 Bd6+ 29. Kg4 Rf6 30. Bd5 Kh8 31. c4 Rg8+ 32.
Kh5 Rg3 33. Kh4 Rgg6 34. c5 Bg3+ 35. Kh5 Rxe6 36. Bxe6 Rxe6 37. Rd8+ Kg7 38. Rd7+ Kf8 39. c6 Rxc6 40. Rh7 Ra6 41. a4 Rb6 42. Rxh6 Rxb3 43. Ra6 Rb7 44. Kg6 Rb6+ 45. Rxb6 axb6 46. Kf6 Kg8 47. Kf5 Kh7 48. Kg4 Bd6 49. Kf5 Kh6 50. Kg4 Kg6 51. h4 Kh6 0-1

[Event "*** Titled Tuesday 3|2 Blitz"]
[Site "Chess.com"]
[Date "2016.10.04"]
[Round "6"]
[White "NTBT_DHS"]
[Black "Tarlev_Konstantin"]
[Result "0-1"]
[WhiteElo "2453"]
[BlackElo "2581"]
[TimeControl "180+2"]
[EndTime "18:20:06 PDT"]
[Termination "Tarlev_Konstantin won by checkmate"]

1. d4 Nf6 2. c4 e6 3. Nc3 Bb4 4. e3 b6 5. Ne2 Ba6 6. a3 Bxc3+ 7. Nxc3 d5 8. Qf3 O-O 9. cxd5 exd5 10. g4 Re8 11.
Bd2 Bxf1 12. Kxf1 Nc6 13. Rc1 Qd7 14. g5 Ne4 15. Nxe4 Rxe4 16. Rg1 Rae8 17. Rg3 Ne7 18. h3 Nf5 19. Rg4 Nd6 20. Be1 a5 21. Kg2 a4 22.
Qg3 Nc4 23. Rc3 Rxg4 24. hxg4 Re4 25. Kf3 Re8 26. Qf4 b5 27. b3 axb3 28. Rxb3 c6 29. Bb4 Qc8 30. Kg3 Re4 31. Qf5 Qc7+ 32. Kg2 g6 33.
Qf3 Qd7 34. Kh3 Qd8 35. Qf6 Qc8 36. f3 Re6 37. Qf4 Qe8 38. Bc5 Nxe3 39. a4 Nc4 40. axb5 cxb5 41. Qc7 Re1 42. Qb7 h5 43. gxh5 gxh5 44.
g6 Qe6+ 45. Kg2 Qxg6+ 46. Kf2 Qg1# 0-1

[Event "*** Titled Tuesday 3|2 Blitz"]
[Site "Chess.com"]
[Date "2016.10.04"]
[Round "6"]
[White "3ptdka"]
[Black "bugsbunny444"]
[Result "1-0"]
[WhiteElo "2079"]
[BlackElo "2347"]
[TimeControl "180+2"]
[EndTime "18:20:06 PDT"]
[Termination "3ptdka won by resignation"]

1. d4 e6 2. c4 b6 3. Nc3 Bb7 4.
e4 Bb4 5. f3 f5 6. Bd3 Qh4+ 7. g3 Qh5 8. Ne2 Qxf3 9. Rf1 Qh5 10. exf5 Nc6 11. fxe6 O-O-O 12. d5 Ne5 13. exd7+ Rxd7 14. Bf5 Nf3+ 15. Rxf3 Qxf3 16. Bxd7+ Kxd7 17. Qa4+ c6 18. Qxb4 Nf6 19. dxc6+ Bxc6 20. Bf4 Qh1+ 21. Kd2 Qxa1 22. Qd6+ Ke8 23. Qxc6+ Kf7 24. Kc2 Re8 25. Bc1 Re7 26. h3 h6 27. g4 Kg8 28. c5 bxc5 29.
Qxc5 Rb7 30. h4 Rf7 31. g5 hxg5 32. hxg5 Ne8 33. g6 Rf6 34. Qd5+ Kf8 35. Qb7 Rxg6 36. Qxa7 Re6 37. Qf2+ Nf6 38. Nf4 Rd6 39. Nfd5 Kg8 40. Nxf6+ Rxf6 41. Qg2 Kh7 42. Qh3+ Kg8 43. Qc8+ Kh7 44.
Qc4 Kh8 45. Ne4 Rg6 46. Qc8+ Kh7 47. Qf5 Qxa2 48. Ng5+ Kh6 49. Nf7+ Kh7 50. Qh5+ Kg8 51. Qxg6 Qxf7 52. Qxf7+ Kxf7 53. b4 Ke6 54. Kb3 Kd5 55.
Ka4 Kc6 56. Ka5 Kb7 57. Kb5 Kc7 58. Ka6 1-0

[Event "*** Titled Tuesday 3|2 Blitz"]
[Site "Chess.com"]
[Date "2016.10.04"]
[Round "6"]
[White "Dr-Bassem"]
[Black "hardingstoptry"]
[Result "0-1"]
[WhiteElo "2581"]
[BlackElo "2482"]
[TimeControl "180+2"]
[EndTime "18:20:18 PDT"]
[Termination "hardingstoptry won on time"]

1. e4 e6 2. d3 d5 3. Nd2 Nf6 4.
Ngf3 c5 5. g3 b6 6. Bg2 Bb7 7. O-O Be7 8. Re1 O-O 9. e5 Nfd7 10.
h4 Nc6 11. Nf1 b5 12. N1h2 a5 13. Bf4 a4 14. Rc1 b4 15. Bh3 a3 16. b3 Rc8 17. Ng5 Bxg5 18. Bxg5 Qc7 19. Qh5 Kh8 20. Ng4 f6 21. exf6 gxf6 22. Bh6 f5 23. Nh2 Nf6 24. Qg5 Rf7 25. Rxe6 Rg8 26. Qf4 Qd7 27. Rd6 Qc7 28. Re6 Qd7 29. Rce1 Nh5 30. Qd6 Qxd6 31. Rxd6 Nd4 32.
Bg5 Nxc2 33. Rc1 Nd4 34. Rxc5 Re8 35. Rd8 Rxd8 36. Bxd8 Ne6 37. Bb6 Nxc5 38. Bxc5 Ba6 39. d4 Bc4 40. Bxb4 Bxb3 41. Bxa3 Bxa2 42. Bd6 Kg7 43. Nf3 Bb1 44. Be5+ Kg6 45. Ng5 Ra7 46. Bg2 Nf6 0-1

[Event "*** Titled Tuesday 3|2 Blitz"]
[Site "Chess.com"]
[Date "2016.10.04"]
[Round "6"]
[White "MFBerna"]
[Black "nonscitis"]
[Result "1-0"]
[WhiteElo "2182"]
[BlackElo "2306"]
[TimeControl "180+2"]
[EndTime "18:20:31 PDT"]
[Termination "MFBerna won by checkmate"]

1. e4 c5 2. Nf3 d6 3. d4 cxd4 4.
Nxd4 Nf6 5. Nc3 a6 6. Be3 Ng4 7. Bg5 h6 8. Bh4 g5 9. Bg3 Bg7 10. Be2 Ne5 11. Qd2 Nbc6 12. O-O-O O-O 13. h4 Nxd4 14.
Qxd4 g4 15. Nd5 e6 16. Ne3 Qa5 17. Qxd6 Qxa2 18. Bxe5 Qa1+ 19. Kd2 Qa5+ 20. b4 Qxe5 21. Qxe5 Bxe5 22. Nxg4 Bg7 23. e5 Bd7 24. Bf3 a5 25. Ke3 Bc6 26. Bxc6 bxc6 27. bxa5 Rxa5 28. f4 Rd5 29. c4 Rc5 30. Kd4 Ra5 31. Ra1 Rd8+ 32. Kc3 Rc5 33. Rhd1 Rb8 34. Ra7 h5 35. Ne3 Bxe5+ 36.
fxe5 Rxe5 37. Rd3 Kg7 38. Nc2 Rg8 39. Rg3+ Kh8 40. Rxg8+ Kxg8 41. Rc7 c5 42. Kd3 Rf5 43. Ne3 Rf4 44. g3 Rf3 45. Rxc5 Rxg3 46. Rxh5 Kf8 47. c5 Ke7 48. Rg5 Rh3 49. h5 f6 50. Rg7+ Kf8 51. Rh7 Kg8 52. c6 Kxh7 53. c7 Rxh5 54. c8=Q Kh6 55.
Qxe6 Kg6 56. Qg8+ Kh6 57. Ng4# 1-0

[Event "*** Titled Tuesday 3|2 Blitz"]
[Site "Chess.com"]
[Date "2016.10.04"]
[Round "6"]
[White "Mornar1951"]
[Black "Paralinch"]
[Result "0-1"]
[WhiteElo "2586"]
[BlackElo "2625"]
[TimeControl "180+2"]
[EndTime "18:20:56 PDT"]
[Termination "Paralinch won by resignation"]

1. d4 d5 2. c4 c6 3. Nf3 Nf6 4.
e3 Bg4 5. h3 Bh5 6. cxd5 Bxf3 7.
Qxf3 cxd5 8. Nc3 e6 9. Bd3 Nc6 10. O-O Bd6 11. Bd2 O-O 12. Rac1 Rc8 13. Qe2 a6 14. Rfd1 Qe7 15. Be1 Nd7 16. a3 Nb6 17. f4 f5 18. g4 g6 19. g5 Na7 20.
Rc2 Nc4 21. Rdc1 b5 22. Nb1 Qb7 23. a4 bxa4 24. Bxc4 dxc4 25. Rxc4 Kf7 26. Na3 Rxc4 27. Nxc4 Bb8 28. Ne5+ Bxe5 29. dxe5 Rc8 30. Rd1 Nb5 31. Ba5 Kg8 32. Be1 Qe4 33. Qd2 Qc6 34. Bf2 a3 35. bxa3 Nc3 36. Re1 Ne4 37. Qb4 Kf7 38.
Rd1 Qb5 39. Qxb5 axb5 40. Rd7+ Ke8 41. Rd1 Rc3 42. Ra1 Rb3 43. Kf1 Kd7 44. Ra2 Kc6 45. Kg2 Nc3 46. Rc2 Kd5 47. Be1 Ne4 48. Bb4 Rxe3 49.
Rc7 Rg3+ 50. Kh2 Rf3 51. Rxh7 Rxf4 52. h4 Rf2+ 53. Kg1 Rf3 54. Rh6 f4 55. Rxg6 Kxe5 56.
Rg8 Kf5 57. g6 Rg3+ 58. Kf1 Rxg6 59. Rxg6 Kxg6 60. Ke2 Kf5 61. Be1 Nf6 62. Kd3 e5 63. Kc3 e4 64. Kb4 e3 65. Kc3 Ke4 66. Kb4 f3 67. Kxb5 f2 0-1

[Event "*** Titled Tuesday 3|2 Blitz"]
[Site "Chess.com"]
[Date "2016.10.04"]
[Round "6"]
[White "Iball95"]
[Black "jlandaw"]
[Result "0-1"]
[WhiteElo "2486"]
[BlackElo "2321"]
[TimeControl "180+2"]
[EndTime "18:21:14 PDT"]
[Termination "jlandaw won by checkmate"]

1. d4 d5 2. c4 c6 3. Nf3 e6 4.
e3 f5 5. Bd3 Nf6 6. O-O Nbd7 7. b3 Bd6 8. Ba3 Bxa3 9. Nxa3 O-O 10.
cxd5 cxd5 11. Qc2 Ne4 12. Rac1 Qe7 13. Nb5 a6 14. Nc3 b5 15. Ne2 Rb8 16. Qc7 Rb7 17.
Qc6 Rb6 18. Qc7 Rb7 19. Qa5 Rb6 20. Ne5 Nxe5 21. dxe5 Qb7 22. Nd4 f4 23. exf4 b4 24.
g3 Nc3 25. Ne2 Nxe2+ 26. Bxe2 Bd7 27. Qc5 Bb5 28. Bxb5 Rxb5 29. Qc7 a5 30. Rfd1 Ra8 31. Qd6 Rb6 32. Qc5 Rb5 33. Qd4 h6 34. Rc2 a4 35.
Rdc1 axb3 36. axb3 Qb6 37. Rc8+ Rxc8 38. Rxc8+ Kf7 39.
Qxb6 Rxb6 40. Rc7+ Kg6 41. g4 h5 42. f3 Ra6 43. Rb7 hxg4 44. fxg4 Ra2 45. Rxb4 Rb2 46. h4 Kf7 47. Rb7+ Kf8 48. Rb6 Kf7 49. h5 d4 50.
Kf1 d3 51. g5 Rb1+ 52. Kf2 d2 53. Rb7+ Kf8 54. Rb8+ Ke7 55. Rb7+ Kd8 56. h6 gxh6 57.
gxh6 d1=Q 58. h7 Rb2+ 59. Kg3 Qg1+ 60. Kf3 Qh1+ 61. Ke3 Rh2 62. Rb8+ Kc7 63. Rb4 Qe1+ 64. Kf3 Qxb4 65. Kg4 Rxh7 66. Kg5 Qe4 67. Kf6 Qf5# 0-1

[Event "*** Titled Tuesday 3|2 Blitz"]
[Site "Chess.com"]
[Date "2016.10.04"]
[Round "6"]
[White "Kubas1010"]
[Black "Po6Don"]
[Result "1-0"]
[WhiteElo "2449"]
[BlackElo "2111"]
[TimeControl "180+2"]
[EndTime "18:21:16 PDT"]
[Termination "Kubas1010 won on time"]

1. d4 d5 2. c4 e5 3. dxe5 d4 4. a3 Nc6 5. e3 a5 6. exd4 Qxd4 7. Nc3 Be6 8. Nf3 Qxd1+ 9. Nxd1 Nge7 10. Bf4 Ng6 11. Bg3 h5 12. h3 h4 13. Bh2 O-O-O 14.
Nc3 Nd4 15. Nxd4 Rxd4 16. Rd1 Bc5 17. Rxd4 Bxd4 18. f4 Bxc3+ 19. bxc3 Rd8 20. Be2 Ne7 21. g4 hxg3 22. Bxg3 Nf5 23. Bf2 b6 24. Rg1 g6 25.
h4 c5 26. Rh1 Rh8 27. Kd2 Bd7 28. Bf3 Kc7 29. Kd3 Rd8 30. Bd5 Bc6 31. Ke4 Ne7 32.
Bxc6 Kxc6 33. h5 gxh5 34. Rxh5 Rd2 35. Rh6+ Kc7 36. Be3 Rd7 37. Rh7 Nc6 38. f5 a4 39. Bf4 Kc8 40. Rh8+ Rd8 41. Rxd8+ Nxd8 42. Kd5 Kd7 43. Bg5 Nb7 44. e6+ fxe6+ 45. fxe6+ Ke8 46.
Kc6 Na5+ 47. Kb5 Kf8 48. Bd8 Nb7 49. e7+ Ke8 50. Kxb6 Nd6 51. Kxc5 Ne4+ 52. Kb4 Kd7 53. c5 Nf6 54. Kxa4 Kc6 55. Kb4 Nd5+ 56. Kc4 Nf6 57. a4 Ne8 58. Ba5 Nf6 59. Bb4 Ne8 60. Ba3 Nc7 61. Bc1 Ne8 62. Bg5 Nc7 63. Bf4 Ne8 64. Be5 Kb7 65. Kd5 1-0

[Event "*** Titled Tuesday 3|2 Blitz"]
[Site "Chess.com"]
[Date "2016.10.04"]
[Round "6"]
[White "Rating-Schmating"]
[Black "IamSchrodingersCat"]
[Result "1/2-1/2"]
[WhiteElo "2208"]
[BlackElo "2256"]
[TimeControl "180+2"]
[EndTime "18:21:37 PDT"]
[Termination "Game drawn by stalemate"]

1. e4 c5 2. Nf3 d6 3. d4 cxd4 4. Nxd4 Nf6 5. Nc3 g6 6. Be2 Bg7 7. Be3 O-O 8. O-O Nc6 9. Qd2 Re8 10. f4 Bd7 11. Bf3 Rc8 12. Nxc6 Bxc6 13. Rad1 a6 14. Qf2 Nd7 15. Bd4 e5 16. Be3 exf4 17. Bd4 Ne5 18. Be2 g5 19. h4 h6 20. hxg5 hxg5 21. g3 Qf6 22. gxf4 Qxf4 23. Qxf4 gxf4 24. Rxf4 b5 25.
a3 Bb7 26. Kf2 Ng6 27. Rg4 Be5 28. Bf3 a5 29. Bxe5 dxe5 30. Nxb5 Rxc2+ 31. Kg3 Bc8 32. Rg5 Rxb2 33. Nd6 Rf8 34. Bh5 Rb3+ 35. Kg2 Kh7 36. Nxf7 Nf4+ 37. Kh2 Nxh5 38. Rxh5+ Kg6 39. Rh6+ Kxf7 40.
Rf1+ Kg7 41. Rxf8 Kxf8 42. Rh8+ Ke7 43. Rxc8 Rxa3 44. Rc5 Ke6 45. Rc6+ Kd7 46. Ra6 a4 47. Kg2 Kc7 48. Re6 Ra1 49. Rxe5 a3 50. Ra5 Kb6 51. Ra8 a2 52. e5 Kc5 53. Ra5+ Kc6 54. Ra6+ Kb5 55.
Ra3 Kb4 56. Ra8 Kb3 57. e6 Re1 58. Rb8+ Kc2 59. Rc8+ Kb1 60. Rb8+ Kc1 61. Rc8+ Kb1 62. Rb8+ Ka1 63. Rb6 Re5 64. Kf2 Rf5+ 65. Ke2 Rh5 66. Kd2 Rh2+ 67. Kc3 Rh1 68. e7 Re1 69. Rb7 Re6 70.
Kc4 Re2 71. Kc3 Re6 72. Kd3 Re1 73. Kc2 Re2+ 74. Kd3 Re1 75. Kd2 Re5 76. Kc2 Rxe7 77. Rxe7 1/2-1/2

[Event "*** Titled Tuesday 3|2 Blitz"]
[Site "Chess.com"]
[Date "2016.10.04"]
[Round "7"]
[White "ka1ser64"]
[Black "IamSchrodingersCat"]
[Result "0-1"]
[WhiteElo "2227"]
[BlackElo "2264"]
[TimeControl "180+2"]
[EndTime "18:23:18 PDT"]
[Termination "IamSchrodingersCat won by resignation"]

1. d4 Nf6 2. c4 e5 3. dxe5 Ng4 4.
Nf3 Bc5 5. e3 Nc6 6. Nc3 Ngxe5 7.
Be2 O-O 8. O-O Nxf3+ 9. Bxf3 Ne5 10. Be2 Re8 11. Ne4 Bf8 12. Ng3 g6 13. Bd2 d6 14.
Bc3 Bg7 15. Qd4 Nf3+ 0-1

[Event "*** Titled Tuesday 3|2 Blitz"]
[Site "Chess.com"]
[Date "2016.10.04"]
[Round "7"]
[White "daro94"]
[Black "platy3"]
[Result "1/2-1/2"]
[WhiteElo "2682"]
[BlackElo "2751"]
[TimeControl "180+2"]
[EndTime "18:25:03 PDT"]
[Termination "Game drawn by agreement"]

1. e4 c5 2. Nf3 e6 3. d4 cxd4 4.
Nxd4 Nf6 5. Nc3 d6 6. g4 e5 7.
Bb5+ Bd7 8. Bxd7+ Qxd7 9. Nf5 h5 10. gxh5 Nxh5 11. Qf3 Nc6 12. Be3 g6 13. Ng3 Nf4 14. O-O-O Rh4 15. Kb1 Rc8 16. a3 Be7 1/2-1/2

[Event "*** Titled Tuesday 3|2 Blitz"]
[Site "Chess.com"]
[Date "2016.10.04"]
[Round "7"]
[White "3f32"]
[Black "gmjoey1"]
[Result "0-1"]
[WhiteElo "2268"]
[BlackElo "2489"]
[TimeControl "180+2"]
[EndTime "18:26:11 PDT"]
[Termination "gmjoey1 won by resignation"]

1. d4 Nf6 2. c4 c5 3. d5 e6 4. Nc3 exd5 5. cxd5 Bd6 6. e4 Qe7 7.
Bd3 O-O 8. f4 Nxe4 9. Bxe4 f5 10. Qe2 fxe4 11. Nxe4 Bxf4 12. Nf3 d6 13. O-O Bg4 14. h3 Bh5 15. Nc3 Qxe2 16. Nxe2 Bxc1 17. Raxc1 Bxf3 18. gxf3 Nd7 19. f4 Nf6 20. Nc3 Rae8 21. Nb5 Ne4 22. Rce1 Rf7 23. Rxe4 Rxe4 24. Nxd6 Rexf4 25. Nxf7 Rxf1+ 26. Kxf1 Kxf7 27. Ke2 Ke7 28. Kd3 Kd6 29.
Kc4 g5 0-1

[Event "*** Titled Tuesday 3|2 Blitz"]
[Site "Chess.com"]
[Date "2016.10.04"]
[Round "7"]
[White "JMatias"]
[Black "GasconJR"]
[Result "1/2-1/2"]
[WhiteElo "2219"]
[BlackElo "2273"]
[TimeControl "180+2"]
[EndTime "18:26:48 PDT"]
[Termination "Game drawn by repetition"]

1. d4 Nf6 2. c4 g6 3. Nf3 Bg7 4.
Nc3 O-O 5. g3 d6 6. Bg2 Nbd7 7.
O-O e5 8. e4 exd4 9. Nxd4 Re8 10. h3 a6 11. Rb1 Rb8 12. Nc2 Ne5 13. b3 Ned7 14. Re1 b6 15. Bg5 h6 16. Be3 Bb7 17. Qd2 Nxe4 18. Nxe4 Bxe4 19. Bxe4 Rxe4 20. Bxh6 Bxh6 21. Qxh6 Qe7 22. Re3 Rxe3 23. Nxe3 Qe4 24. Rd1 Ne5 25. Nd5 Nf3+ 26. Kf1 Nh2+ 27. Kg1 Nf3+ 28. Kf1 Nh2+ 29. Kg1 Nf3+ 30. Kf1 Nh2+ 1/2-1/2

[Event "*** Titled Tuesday 3|2 Blitz"]
[Site "Chess.com"]
[Date "2016.10.04"]
[Round "7"]
[White "nonscitis"]
[Black "Iwannabetheguy"]
[Result "1-0"]
[WhiteElo "2309"]
[BlackElo "2016"]
[TimeControl "180+2"]
[EndTime "18:26:56 PDT"]
[Termination "nonscitis won by resignation"]

1. d4 Nf6 2. c4 g6 3. Nc3 Bg7 4.
e4 O-O 5. f3 d6 6. Be3 e5 7. d5 Nbd7 8. Qd2 Nh5 9. Nge2 f5 10.
O-O-O a6 11. g4 fxg4 12. fxg4 Nhf6 13. h3 b5 14. Ng3 Nc5 15. g5 b4 16. gxf6 bxc3 17.
Qxc3 Qxf6 18. h4 Bg4 19. Re1 Bf3 20. Rg1 Nxe4 21. Nxe4 Bxe4 22. Bh3 Bf5 23. Bg5 Qf7 24. h5 Bf6 25. Bxf5 Bxg5+ 26. Rxg5 Qe7 27. Qg3 Kh8 28. hxg6 Rg8 29. Rh1 Rg7 30. Rxh7+ Rxh7 31. gxh7 Qf6 32. Rg8+ 1-0

[Event "*** Titled Tuesday 3|2 Blitz"]
[Site "Chess.com"]
[Date "2016.10.04"]
[Round "7"]
[White "Rating-Schmating"]
[Black "Quiet_Desperation"]
[Result "1/2-1/2"]
[WhiteElo "2208"]
[BlackElo "2216"]
[TimeControl "180+2"]
[EndTime "18:27:06 PDT"]
[Termination "Game drawn by agreement"]

1. e4 Nc6 2. Nf3 d6 3. d4 Nf6 4. Nc3 d5 5. e5 Ne4 6. Bd3 Bf5 7. Qe2 Nxc3 8. bxc3 Bg4 9. h3 Bh5 10. Ba3 e6 11. Bxf8 Kxf8 12. Rb1 Rb8 13. Qd2 Bxf3 14. gxf3 Qh4 15. Qe3 Ke7 16. f4 Rhg8 17. Qg3 Qxg3 18. fxg3 f6 19. Kf2 fxe5 20. fxe5 Rgf8+ 21. Kg2 h6 22. Rhf1 Rxf1 23. Rxf1 Rf8 24. Rb1 b6 25. Rd1 Na5 26. Rf1 Rxf1 27. Kxf1 c5 28. Kf2 c4 29. Bg6 Nb7 30. Kf3 Nd8 31. Kf4 Nc6 32.
Bh5 a6 33. Ke3 Na7 34. Kd2 Nc6 35. h4 Nb8 36. g4 Nd7 37. Ke3 Nf8 38. g5 hxg5 39.
hxg5 g6 40. Bg4 Nh7 41. Kf4 Nf8 42. Ke3 Nd7 43. Kf4 Nb8 44. Ke3 Nc6 45. Kd2 Nd8 46. Ke3 Kd7 47. Kf4 Ke7 48. Ke3 b5 49. Kf4 a5 50. a3 Nc6 51. Ke3 b4 52. cxb4 axb4 53. axb4 Nxb4 54. c3 Nc6 55. Kd2 Na5 56. Bd1 Nc6 57.
Ke3 Nd8 58. Ba4 Nf7 59. Kf4 Nd8 60. Ke3 Nb7 1/2-1/2

[Event "*** Titled Tuesday 3|2 Blitz"]
[Site "Chess.com"]
[Date "2016.10.04"]
[Round "7"]
[White "michaelk123"]
[Black "GulamaliRises"]
[Result "1-0"]
[WhiteElo "2245"]
[BlackElo "2463"]
[TimeControl "180+2"]
[EndTime "18:28:03 PDT"]
[Termination "michaelk123 won on time"]

1. e4 c5 2. Nf3 d6 3. d4 cxd4 4. Qxd4 a6 5. h3 Nc6 6. Qe3 g6 7. c4 Bh6 8. Qc3 e5 9. Bxh6 Nxh6 10. Qe3 Ng8 11. Nc3 Be6 12. Be2 Nf6 13. O-O O-O 14.
Rfd1 Qe7 15. Rac1 Rfc8 16. Na4 Rd8 17. Ng5 Nd4 18. Nf3 b5 19. Nb6 Nxf3+ 20. Bxf3 Rab8 21. Be2 1-0

[Event "*** Titled Tuesday 3|2 Blitz"]
[Site "Chess.com"]
[Date "2016.10.04"]
[Round "7"]
[White "FearlessKing64"]
[Black "minnesotachessmaster"]
[Result "1-0"]
[WhiteElo "2190"]
[BlackElo "1753"]
[TimeControl "180+2"]
[EndTime "18:28:51 PDT"]
[Termination "FearlessKing64 won by resignation"]

1. e4 Nf6 2. e5 Nd5 3. Nc3 Nxc3 4.
dxc3 d6 5. Bf4 Nc6 6. Bb5 Bd7 7. Qe2 a6 8. Bxc6 Bxc6 9. Nf3 e6 10. O-O-O d5 11. Nd4 Bd7 12. Kb1 c5 13. Nb3 c4 14.
Nd4 b5 15. Qh5 b4 16. cxb4 Bxb4 17. c3 Bc5 18. Qg4 Kf8 19. Bg5 Qb6 20. h4 Rb8 21. Rd2 Ba3 22. Qe2 Rb7 23. Ka1 Bc5 24. h5 h6 25. Be3 Kg8 26. f4 Kh7 27. g4 Rhb8 28. g5 a5 29. g6+ Kg8 30. f5 fxg6 31. fxe6 Bxe6 32. hxg6 a4 33. a3 Bxd4 34. Bxd4 Qb3 35. Rf1 1-0

[Event "*** Titled Tuesday 3|2 Blitz"]
[Site "Chess.com"]
[Date "2016.10.04"]
[Round "7"]
[White "Schwarzschidl"]
[Black "michaelq2d5"]
[Result "0-1"]
[WhiteElo "2336"]
[BlackElo "2519"]
[TimeControl "180+2"]
[EndTime "18:29:04 PDT"]
[Termination "michaelq2d5 won by resignation"]

1. e4 e5 2. Nf3 Nc6 3. Nc3 Nf6 4.
Bb5 Bd6 5. d3 h6 6. O-O O-O 7.
h3 Re8 8. Nh2 a6 9. Ba4 b5 10.
Bb3 Nd4 11. f4 c6 12. Ng4 Nxb3 13. axb3 Bc5+ 14. Kh2 d6 15. Nxf6+ Qxf6 16. fxe5 Qxe5+ 17. Bf4 Qe7 18. Qf3 Be6 19. Qg3 Kh8 20. Ne2 Red8 21.
Rae1 Kh7 22. Bd2 d5 23. d4 Bd6 24. e5 Bb4 25. c3 Ba5 26. b4 Bc7 27. Rf2 a5 28.
bxa5 Rxa5 29. Ref1 Ra2 30. Nf4 Rf8 31. Nxe6 Qxe6 32.
Rf6 gxf6 33. Qh4 fxe5 34. Rf6 exd4+ 35. Kh1 Ra1+ 36. Be1 Rxe1+ 37. Qxe1 Qxe1+ 0-1

[Event "*** Titled Tuesday 3|2 Blitz"]
[Site "Chess.com"]
[Date "2016.10.04"]
[Round "7"]
[White "BillieKimbah"]
[Black "wonderfultime"]
[Result "1-0"]
[WhiteElo "2546"]
[BlackElo "2680"]
[TimeControl "180+2"]
[EndTime "18:29:39 PDT"]
[Termination "BillieKimbah won by resignation"]

1. d4 d5 2. Nf3 Nf6 3. Bf4 c6 4.
e3 Qb6 5. Qc1 Bf5 6. c4 e6 7.
Nc3 dxc4 8. Bxc4 Nbd7 9. O-O Be7 10. h3 O-O 11. a3 c5 12. d5 exd5 13. Bxd5 Rac8 14. Rd1 Rfd8 15. e4 Be6 16. Bxe6 Qxe6 17. e5 Ne8 18. Nd5 h6 19. Bg3 Nb6 20. Nxe7+ Qxe7 21. Rxd8 Qxd8 22. Qc2 Qe7 23. Rd1 c4 24. Nh4 Rd8 25. Nf5 Rxd1+ 26. Qxd1 Qe6 27. Qf3 Nd7 28. Nd4 Qb6 29. Qd5 Nf8 30. Qxc4 Qxb2 31. e6 Nxe6 32. Nxe6 fxe6 33. Qxe6+ Kf8 34. Qf5+ Kg8 35. Qd5+ Kf8 36.
Qc5+ Kf7 37. Qxa7 Nf6 38. Qc5 Qb1+ 39. Kh2 Ne4 40. Qf5+ Kg8 41. f3 Nc3 42. Qc8+ 1-0